 Dungeon Crawl Stone Soup version 0.29.1 (webtiles) character file.

Game seed: 6983773992996679901

77 Icepheonix32 the Trooper (level 4, 0/41 HPs)
             Began as a Minotaur Fighter on Sept 14, 2022.
             Slain by an ogre
             ... wielding a +0 giant spiked club
              (21 damage)
             ... on level 3 of the Dungeon.
             The game lasted 00:01:27 (1483 turns).

Icepheonix32 the Trooper (Minotaur Fighter)         Turns: 1483, Time: 00:01:28

Health: 0/41       AC:  7    Str: 23    XL:     4   Next: 13%
Magic:  3/3        EV:  9    Int:  5    God:
Gold:   61         SH:  0    Dex:  9    Spells: 3/3 levels left

rFire   . . .      SeeInvis .   a - +0 war axe
rCold   . . .      Faith    .   k - orb {light}
rNeg    . . .      Spirit   .   b - +0 scale mail
rPois   .          Reflect  .   (helmet restricted)
rElec   .          Harm     .   (no cloak)
rCorr   .          Rampage  .   (no gloves)
Will    .....                   (no boots)
Stlth   ..........              (no amulet)
HPRegen 0.13/turn               (no ring)
MPRegen 0.08/turn               (no ring)

@: glowing
A: horns 2, retaliatory headbutt
a: no special abilities


You were on level 3 of the Dungeon.
You visited 1 branch of the dungeon, and saw 3 of its levels.

You collected 61 gold pieces.

Inventory:

Hand Weapons
 a - a +0 war axe (weapon)
Armour
 b - a +0 scale mail (worn)
 c - a +0 buckler
 k - an orb of light (worn)
Scrolls
 f - 5 scrolls of identify {unknown}
 g - 3 scrolls of poison {unknown}
 i - 3 scrolls of teleportation {unknown}
 o - a scroll of amnesia {unknown}
Potions
 d - a potion of might
 e - a potion of mutation {unknown}
 h - a potion of degeneration {unknown}
 j - a potion of berserk rage {unknown}
 l - a potion of magic {unknown}
 m - a potion of haste {unknown}
 n - a potion of ambrosia {unknown}


   Skills:
 * Level 4.6 Fighting
 + Level 3.3 Axes
 + Level 4.2 Armour
 + Level 0.1 Dodging
 - Level 4.1 Shields


You had 3 spell levels left.
You didn't know any spells.
Your spell library contained the following spells:

 Spells                   Type           Power      Damage    Failure   Level
 Necrotise                Necr           0%         1d4       78%         1
 Vampiric Draining        Necr           0%         2d6       98%         3
 Agony                    Necr           0%         N/A       100%        5


Dungeon Overview and Level Annotations

Branches:
Dungeon (3/15)

Altars:


Innate Abilities, Weirdness & Mutations

You have a pair of horns on your head.
You reflexively headbutt those who attack you in melee.


Message History

Where to? (Enter - D:2, ? - help)
There is a stone staircase leading down here.
You climb downwards.
Found a stone staircase leading up.
There is a stone staircase leading up here.
A giant cockroach is nearby!
A giant cockroach is nearby!
A giant cockroach is nearby!
You barely miss the giant cockroach.
You headbutt the giant cockroach, but do no damage.
The giant cockroach bites you.
The giant cockroach bites you but does no damage.
You hit the giant cockroach.
The giant cockroach is almost dead.
The giant cockroach closely misses you. You furiously retaliate!
You headbutt the giant cockroach!
You kill the giant cockroach!
No target in view!
No target in view!
No target in view!
No target in view!
No target in view!
No target in view!
No target in view!
No target in view!
HP restored.
You see here a giant cockroach corpse.
Found an escape hatch in the floor.
There is an escape hatch in the floor here.
An ogre comes into view. It is wielding a +0 giant spiked club.
The ogre shouts!
The ogre barely misses you.
You slash the ogre!
The ogre is moderately wounded.
The ogre hits you with a +0 giant spiked club!!
You hit the ogre.
The ogre is heavily wounded.
The ogre hits you with a +0 giant spiked club!!
Ouch! That really hurt!
You die...

#.. .. ... #.##
#.##.# #.<# .. ..#
#..# #. ... #..# #.
#.# #<.##### #. #.
#.# ##..†..#
#...#.##.########.#
#....O@.......# #.#
#...#..######.###.#
#.....## #....>#
...... #######
....... .......
#..#.## #..#.


You could see an ogre.

Vanquished Creatures
  3 adders (D:2)
  3 worms (D:2)
  An endoplasm (D:2)
  2 giant cockroaches
  2 goblins
  7 hobgoblins
  3 jackals (D:2)
  3 kobolds
  3 quokkas (D:2)
  4 ball pythons
  A bat (D:1)
  4 frilled lizards
  3 rats
39 creatures vanquished.

Notes
Turn   | Place    | Note
-------+----------+-------------------------------------------
     0 | D:1      | Icepheonix32 the Minotaur Fighter began the quest for the
                  | Orb.
     0 | D:1      | Reached XP level 1. HP: 19/19 MP: 0/0
   246 | D:1      | Reached XP level 2. HP: 25/27 MP: 1/1
   460 | D:2      | Found a faded altar of an unknown god.
   503 | D:2      | Reached XP level 3. HP: 23/33 MP: 2/2
   922 | D:2      | Reached XP level 4. HP: 41/41 MP: 3/3
  1478 | D:3      | Noticed an ogre
  1483 | D:3      | Slain by an ogre

Illustrated notes

Levels and vault maps discovered:
D:1:      onia_arrival_pyramid, layout_rooms
D:2:      layout_basic, shapermc_ecumenical_altar_pompeii, serial_rivers,
          chequers_serial_rivers_micro_a, chequers_serial_rivers_micro_c,
          chequers_serial_rivers_small_a, chequers_serial_rivers_small_a,
          chequers_serial_rivers_small_a, chequers_serial_rivers_micro_d
D:3:      layout_basic, nicolae_shop_vocational

Skill      XL: |  1  2  3 |
---------------+----------+-----
Fighting       | 4 |  4.6
Armour         | 4 |  4.2
Shields        | 4 |  4.1
Axes           | 3 |  3.3
Dodging        | |  0.1

Action                   |  1- 3 |  4- 6 || total
-------------------------+-------+-------++-------
Melee: War axe           |    61 |    11 ||    72
       Headbutt          |     6 |     3 ||     9
Armor: Scale mail        |    37 |     2 ||    39
Dodge: Dodged            |    37 |     5 ||    42
Block: Buckler           |    18 |       ||    18
